 Dungeon Crawl Stone Soup version 0.30.0-29-ga12c61a403 (webtiles) character file.

Game seed: 11373435957553822632

7947 Graphine the Nimble (level 11, -5/89 HPs)
             Began as a Merfolk Monk on June 16, 2023.
             Was an Elder of Qazlal.
             Slain by dertzug's ghost (7 damage)
             ... on level 9 of the Dungeon.
             The game lasted 00:28:09 (9874 turns).

Graphine the Nimble (Merfolk Monk)                  Turns: 9874, Time: 00:28:09

Health: -5/89      AC: 11    Str: 14    XL:     11   Next: 23%
Magic:  24/26      EV: 24    Int: 20    God:    Qazlal [****..]
Gold:   808        SH:  5    Dex: 18    Spells: 11/18 levels left

rFire   x . .        F - +3 scimitar (freeze)
rCold   + + .        d - orb {light}
rNeg    . . .        A - +0 steam dragon scales
rPois   .            i - +1 helmet
rElec   .            x - scarf {repulsion}
rCorr   .            J - +0 pair of gloves
SInv    .            E - +2 pair of boots {Fly}
Will    .....        e - amulet of magic regeneration
Stlth   +            o - ring "Iliargh" {Fly rF- rC++ MP+9 Int+6}
HPRegen 0.34/turn    z - +5 ring of evasion
MPRegen 0.60/turn

%: repel missiles
@: lethally poisoned (-5 -> -14), flying, glowing
A: (nimble swimmer 2), mertail, clever 1, strong 1
a: Renounce Religion, Upheaval, Elemental Force


You were on level 9 of the Dungeon.
You worshipped Qazlal.
Qazlal was greatly pleased with you.
You visited 2 branches of the dungeon, and saw 10 of its levels.
You also visited: Sewer and Bailey.

You collected 808 gold pieces.

Inventory:

Hand Weapons
 a - a +0 falchion of draining
 u - the +3 trident "Vokoc" {freeze, *Rage MP+9 Str+3}
   (You found it on level 6 of the Dungeon)

   Str:       It affects your strength (+3).
   MP:        It affects your magic capacity (+9).
   *Rage:     It berserks you when you make melee attacks (+20% chance).
 F - a +3 scimitar of freezing (weapon)
 H - a +0 scimitar
Missiles
 t - 24 boomerangs (quivered)
 w - 2 javelins
 G - a throwing net
Armour
 d - an orb of light (worn)
 i - a +1 helmet (worn)
 m - a +2 robe of cold resistance
 x - a scarf of repulsion (worn)
 A - +0 steam dragon scales (worn)
 E - a +2 pair of boots of flying (worn)
 J - a +0 pair of gloves (worn)
Magical Staves
 B - a staff of poison
Jewellery
 e - an amulet of magic regeneration (around neck)
 n - a ring of wizardry
 o - the ring "Iliargh" (left hand) {Fly rF- rC++ MP+9 Int+6}
   (You found it in a sewer)

   [ring of intelligence]

   Int:       It affects your intelligence (+6).
   rF:        It makes you vulnerable to fire.
   rC:        It greatly protects you from cold.
   MP:        It affects your magic capacity (+9).
   Fly:       It grants you flight.
 r - a +6 ring of strength
 s - a ring of ice
 z - a +5 ring of evasion (right hand)
Wands
 b - a wand of digging (6)
 v - a wand of charming (24)
Scrolls
 p - 2 scrolls of blinking
 q - 3 scrolls of teleportation
Potions
 f - a potion of invisibility
 j - 2 potions of magic
 k - a potion of lignification {unknown}
 l - 2 potions of cancellation
 C - 2 potions of brilliance
 D - 4 potions of flight
 I - a potion of attraction {unknown}
 K - a potion of degeneration {unknown}


   Skills:
 * Level 9.3 Fighting
 * Level 10.1 Long Blades
 * Level 11.1 Dodging
 + Level 5.3 Unarmed Combat
 + Level 4.3 Spellcasting
 + Level 5.1 Poison Magic
 + Level 3.7 Invocations
 + Level 3.9 Evocations


You had 11 spell levels left.
You knew the following spells:

 Your Spells              Type           Power      Damage    Failure   Level
a - Sting                 Tmut/Pois      56%        1d5       4%          1
b - Poisonous Vapours     Pois/Air       28%        N/A       7%          2
c - Olgreb's Toxic Radia  Pois           24%        N/A       16%         4

Your spell library contained the following spells:

 Spells                   Type           Power      Damage    Failure   Level
 Cigotuvi's Dreadful Rot  Necr/Pois/Air  22%        N/A       10%         2
 Apportation              Tloc           8%         N/A       12%         1
 Magic Dart               Conj           16%        1d3       12%         1
 Sandblast                Erth           8%         2d5       12%         1
 Passwall                 Tmut/Erth      3%         N/A       19%         2
 Searing Ray              Conj           8%         2d4       19%         2
 Hailstorm                Conj/Ice       4%         3d4       36%         3
 Stone Arrow              Conj/Erth      8%         3d7       36%         3
 Airstrike                Air            2%         2d(1-17)  77%         4
 Fulminant Prism          Conj/Hex       2%         3d5       77%         4
 Ice Form                 Ice/Tmut       4%         N/A       77%         4
 Alistair's Intoxication  Tmut/Pois      9%         N/A       77%         5
 Conjure Ball Lightning   Conj/Air       2%         3x3d6     100%        6
 Simulacrum               Ice/Necr       2%         N/A       100%        6
 Maxwell's Capacitive Co  Air            2%         ∞         100%        8


Dungeon Overview and Level Annotations

Branches:
Dungeon (9/15)             Temple (1/1) D:7             Orc (0/2) D:9
  Sewer (visited)          Bailey (visited)
   Lair: D:8-11

Altars:
Ashenzari
Cheibriados
Dithmenos
Elyvilon
Fedhas
Hepliaklqana
Kikubaaqudgha
Makhleb
Nemelex Xobeh
Okawaru
Qazlal
Ru
Sif Muna
Trog
Uskayaw
Vehumet
Wu Jian
Xom
Yredelemnul
Zin
The Shining One

Shops:
D:5 :

Annotations:
D:9 dertzug's ghost, novice HOMo


Innate Abilities, Weirdness & Mutations

((You are very nimble when in or above water. (Stealth+, EV+, Speed+++)))
Your lower body shifts to a powerful aquatic tail in water.
Your mind is acute. (Int +4, Str/Dex -1)
Your muscles are strong. (Str +4, Int/Dex -1)


Message History

The slime creature is severely wounded.
* * * LOW HITPOINT WARNING * * *
You feel very sick. Dertzug's ghost misses you. The slime creature misses you.
You hit the slime creature. You freeze the slime creature.
The slime creature is severely wounded.
* * * LOW HITPOINT WARNING * * *
You feel very sick. Dertzug's ghost misses you.
The slime creature closely misses you.
Okay, then.
You slash the slime creature! You freeze the slime creature.
You kill the slime creature!
Qazlal accepts your kill.
You feel less invigorated.
You feel less confused.
* * * LOW HITPOINT WARNING * * *
You feel very sick. Dertzug's ghost misses you.
Press: ? - help, v - describe, . - travel
Here: dertzug's ghost, wielding a weapon of venom (black smoke, lightly damaged, haloed)
The floor, spattered with blood.
Okay, then.
Okay, then.
Okay, then.
Okay, then.
Aiming: Upheaval
Press: ? - help, Dir - move target, f - dertzug's ghost
Aim: dertzug's ghost, wielding a weapon of venom (black smoke, lightly damaged, haloed) That beam is likely to hit you.
Continue anyway?
Okay, then.
Aiming: Upheaval
Press: ? - help, Dir - move target, p - dertzug's ghost A blizzard blasts the area with ice!
The blast of ice hits dertzug's ghost!!
Dertzug's ghost is moderately damaged.
Dertzug's ghost is flash-frozen.
* * * LOW HITPOINT WARNING * * *
You feel very sick. Dertzug's ghost hits you!
You die...

...(.....^h.#
.........<...#
....#....##+##
....#....#
##...............#
................#
....#########...#
###..##.......##○○#####
.....#8..#.#..8#@..)÷.#
.....#..#...#.z#W§§§§.#
.....#........g#§§#§###
##..©#....©....#§§§...#
.....#........$#§§§...#
.....#..#..)#..#§§#'###
.+#..#8..#.#..8#......#
..)..##......©##......#
..))).#########.......#


You could see a gnoll bouda, a wight and dertzug's ghost (frozen).

Vanquished Creatures
  A centaur warrior (D:9)
  Pikel (D:8)
  A hornet (D:8)
  A slime creature (D:9)
  A wyvern (D:9)
  13 yaks
  Grum (D:9)
  2 steam dragons
  Menkaure (D:7)
  2 sky beasts
  9 orc warriors
  2 black bears
  An ice beast (D:5)
  A centaur (D:6)
  4 wolves (D:9)
  2 lemures (D:8)
  A phantom (D:5)
  2 bullfrogs (Sewer)
  4 scorpions (D:5)
  7 wights
  4 killer bees (D:8)
  A howler monkey (D:5)
  5 hounds
  2 jellies
  7 orc priests
  3 gnoll boudas
  Ijyb (D:3)
  An iguana (D:7)
  2 sleepcaps
  7 orc wizards
  19 gnolls
  9 adders
  2 shadow imps (D:6)
  2 white imps
  2 worms (D:3)
  46 orcs
  20 ball pythons
  17 endoplasms
  8 giant cockroaches
  11 goblins
  10 hobgoblins
  16 quokkas
  9 bats
  9 frilled lizards
  19 kobolds
  11 rats
300 creatures vanquished.

Vanquished Creatures (others)
  A wight (D:8)
1 creature vanquished.

Grand Total: 301 creatures vanquished

Notes
Turn   | Place    | Note
-------+----------+-------------------------------------------
     0 | D:1      | Graphine the Merfolk Monk began the quest for the Orb.
     0 | D:1      | Reached XP level 1. HP: 18/18 MP: 1/1
    34 | D:1      | Reached XP level 2. HP: 10/24 MP: 2/2
   801 | D:1      | Reached XP level 3. HP: 27/30 MP: 3/3
  1284 | D:2      | You fall into a shaft and drop 2 floors!
  1333 | D:4      | Reached skill level 5 in Dodging
  1333 | D:4      | Reached XP level 4. HP: 13/37 MP: 4/4
  1571 | D:3      | Reached XP level 5. HP: 11/43 MP: 5/5
  1584 | D:3      | Reached skill level 5 in Long Blades
  1811 | D:3      | Found a bloodstained altar of Trog.
  1836 | D:3      | Found a hazy altar of Hepliaklqana.
  1876 | D:3      | Found a glowing drain.
  1888 | Sewer    | Entered a sewer
  2074 | Sewer    | Reached XP level 6. HP: 50/50 MP: 6/6
  2171 | Sewer    | Reached skill level 5 in Fighting
  2171 | Sewer    | Reached skill level 6 in Dodging
  2228 | Sewer    | Got the Cyclopedia of the Lungs
  2234 | Sewer    | Identified the ring "Iliargh" {Fly rF- rC++ MP+9 Int+6}
  2303 | D:3      | Reached skill level 1 in Unarmed Combat
  2891 | D:3      | Noticed Ijyb
  2904 | D:3      | Killed Ijyb
  3033 | D:3      | Reached XP level 7. HP: 56/56 MP: 7/7
  3486 | D:4      | Found an ornate altar of the Wu Jian Council.
  3744 | D:4      | Found a glowing silver altar of Zin.
  3944 | D:4      | Reached skill level 1 in Poison Magic
  4182 | D:4      | Reached skill level 7 in Dodging
  4265 | D:5      | Entered Level 5 of the Dungeon
  4283 | D:5      | Found Jaydogg's Vocational Training.
  4343 | D:5      | Reached skill level 1 in Spellcasting
  4667 | D:5      | Reached XP level 8. HP: 64/64 MP: 9/9
  5744 | D:6      | Identified the +3 trident "Vokoc" {freeze, *Rage MP+9
                  | Str+3}
  5904 | D:6      | Found a broken altar of Ashenzari.
  6093 | D:6      | Learned a level 1 spell: Sting
  6096 | D:6      | Learned a level 2 spell: Poisonous Vapours
  6101 | D:6      | Learned a level 4 spell: Olgreb's Toxic Radiance
  6120 | D:6      | Reached skill level 8 in Dodging
  6133 | D:6      | Reached skill level 1 in Evocations
  6596 | D:6      | Identified a scroll of acquirement
  6596 | D:6      | Acquired 241 gold pieces
  6605 | D:7      | Noticed Menkaure
  6620 | D:7      | Killed Menkaure
  6621 | D:7      | Reached XP level 9. HP: 42/72 MP: 12/12
  6667 | D:7      | Found a staircase to the Ecumenical Temple.
  6674 | Temple   | Entered the Ecumenical Temple
  6724 | Temple   | Became a worshipper of Qazlal Stormbringer
  6724 | Temple   | Reached * piety under Qazlal
  6724 | Temple   | Reached ** piety under Qazlal
  6879 | D:7      | Found a sacrificial altar of Ru.
  7062 | D:7      | Found a flagged portal.
  7083 | Bailey   | Entered a bailey
  7149 | Bailey   | Reached skill level 9 in Dodging
  7270 | Bailey   | Identified the +9 ring mail of Bad Feelings {rF+}
  7285 | Bailey   | Reached skill level 1 in Invocations
  7289 | Bailey   | Reached *** piety under Qazlal
  7323 | Bailey   | Got the Vellum of Contamination
  8559 | D:7      | Gained mutation: You are vulnerable to heat. (rF-) [potion
                  | of mutation]
  8560 | D:7      | Lost mutation: You are vulnerable to heat. (rF-) [potion of
                  | mutation]
  8560 | D:7      | Gained mutation: Your muscles are strong. (Str +4, Int/Dex
                  | -1) [potion of mutation]
  8560 | D:7      | Gained mutation: Your mind is acute. (Int +4, Str/Dex -1)
                  | [potion of mutation]
  8628 | D:8      | Noticed Pikel
  8642 | D:8      | Killed Pikel
  8643 | D:8      | Reached XP level 10. HP: 57/80 MP: 15/15
  8795 | D:8      | Reached skill level 10 in Dodging
  9118 | D:8      | Paralysed by a hornet for 2 turns
  9465 | D:9      | Noticed Grum
  9468 | D:9      | Noticed dertzug's ghost (novice HOMo)
  9470 | D:9      | Noticed a centaur warrior
  9473 | D:9      | Found a transporter.
  9485 | D:9      | Killed Grum
  9502 | D:9      | Reached **** piety under Qazlal
  9513 | D:9      | Reached skill level 5 in Unarmed Combat
  9798 | D:9      | Found a transporter.
  9803 | D:9      | Found a staircase to the Orcish Mines.
  9811 | D:9      | Reached XP level 11. HP: 89/89 MP: 17/17
  9829 | D:9      | Reached skill level 11 in Dodging
  9829 | D:9      | Reached skill level 5 in Poison Magic
  9858 | D:9      | Reached skill level 10 in Long Blades
  9858 | D:9      | Killed a centaur warrior
  9868 | D:9      | HP: 2/89 [poisoned by dertzug's ghost]
  9874 | D:9      | HP: 2/89 [poisoned by dertzug's ghost]
  9874 | D:9      | Slain by dertzug's ghost

Illustrated notes

Levels and vault maps discovered:
D:1:      onia_arrival_handbag, layout_basic
D:2:      minmay_kobold_bridge, layout_basic, serial_forest,
          infiniplex_forest_lined_2, infiniplex_forest_corner_2,
          infiniplex_forest_pool, infiniplex_forest_lined_3,
          infiniplex_forest_zigzag_1, infiniplex_forest_clump_tiny,
          infiniplex_forest_clump_small
D:3:      layout_basic, bloody_trog, mainiacjoe_overflow_catwalk,
          portal_sewer_entry_f, nrook_mini_vaults, hangedman_decor_growths,
          kennysheep_another_room, kennysheep_flooded_box, uniq_ijyb
D:4:      minmay_evil_eye, layout_gridville, mainiacjoe_overflow_catch_the_wave,
          nrook_campfire
D:5:      layout_loops_corners, nicolae_shop_vocational
D:6:      layout_basic, mainiacjoe_overflow_alcove_4
D:7:      minmay_inner_zag, layout_basic, nicolae_ru_sacrificial_ziggurat,
          minmay_temple_entry_slanted, lightli_bailey_entry_fortress,
          chequers_serial_rivers_small_b, hangedman_decor_points, uniq_menkaure
D:8:      layout_cave_pools, uniq_pikel
D:9:      layout_grid_maze, lair_entry_dummy, minmay_orc_entry_temple_small,
          gammafunk_ghost_arena, st_stairs_8, uniq_harold, uniq_grum
Temple:   hellmonk_temple_of_storms

Skill      XL: |  1  2  3  4  5  6  7  8  9 10 11 |
---------------+----------------------------------+-----
Long Blades    | 4 5 6 7 8 9 10 | 10.1
Fighting       | 4 5 6 7 8 9 |  9.3
Dodging        | 5 6 7 8 9 10 11 | 11.1
Unarmed Combat | 1 2 3 4 5 |  5.3
Poison Magic   | 1 2 3 4 5 |  5.1
Spellcasting   | 1 2 3 4 |  4.3
Evocations     | 1 2 3 |  3.9
Invocations    | 2 3 |  3.7

Action                     |  1- 3 |  4- 6 |  7- 9 | 10-12 || total
---------------------------+-------+-------+-------+-------++-------
  Melee: Falchion          |    86 |   164 |   478 |    67 ||   795
         Tailslap          |       |    14 |       |       ||    14
         Scimitar          |       |       |       |    97 ||    97
  Throw: Boomerang         |       |       |    11 |       ||    11
         Javelin           |       |       |     2 |       ||     2
   Cast: Sting             |       |       |     4 |       ||     4
 Invoke: Upheaval          |       |       |       |     1 ||     1
    Use: Scroll            |     1 |     3 |    11 |     3 ||    18
         Potion            |       |       |     3 |     6 ||     9
   Stab: Sleeping          |       |     1 |       |       ||     1
 Armour: Robe              |    12 |    19 |    25 |       ||    56
         Steam dragon scal |       |       |    34 |    40 ||    74
  Dodge: Dodged            |    62 |   156 |   357 |   233 ||   808
         Repelled          |       |       |     3 |       ||     3
  Block: Orb               |       |       |    30 |    50 ||    80
